 Dungeon Crawl Stone Soup version 0.16.0-17-g811c1d7 (webtiles) character file.

38 timbw the Stinger (level 3, 3/23 HPs)
             Began as an Octopode Venom Mage on Mar 20, 2015.
             Quit the game on level 2 of the Dungeon.
             The game lasted 00:02:44 (728 turns).

timbw the Stinger (Octopode Venom Mage)              Turns: 728, Time: 00:02:44

Health: 3/23       AC:  1    Str: 10    XL:     3   Next: 43%
Magic:  6/6        EV: 12    Int: 18    God:
Gold:   123        SH:  0    Dex: 12    Spells: 1 memorised, 5 levels left

rFire  . . .     SeeInvis .     (no weapon)
rCold  . . .     Clarity  .     (no shield)
rNeg   . . .     SustAb   .     (helmet restricted)
rPois  .         Gourm    .     (no amulet)
rElec  .         Spirit   .     k - +3 ring of strength
rCorr  .         Warding  .     (no ring)
rMut   .         Stasis   .     (no ring)
MR     .....                    (no ring)
Stlth  ++........               (no ring)
                                (no ring)
                                (no ring)
                                (no ring)

@: confused, not resistant to hostile enchantments, unstealthy
A: almost no armour, amphibious, 8 rings, constrict 8, tentacle spike 1,
camouflage 1, robust 1, gelatinous body 1, MP-powered wands 1
a: no special abilities


You were on level 2 of the Dungeon.
You were not hungry.

You visited 1 branch of the dungeon, and saw 2 of its levels.

You collected 123 gold pieces.

Inventory:

Jewellery
 k - a +3 ring of strength (left tentacle)
Magical devices
 n - a wand of teleportation (0)
Scrolls
 a - a scroll of blinking {unknown}
 g - a scroll of remove curse {unknown}
 j - a scroll of identify {unknown}
 m - a scroll of enchant armour {unknown}
Books
 b - a Young Poisoner's Handbook

   Spells                             Type                      Level
   a - Sting                          Conjuration/Poison           1
   b - Cure Poison                    Poison                       2
   c - Mephitic Cloud                 Conjuration/Poison/Air       3
   d - Olgreb's Toxic Radiance        Poison                       4
   e - Venom Bolt                     Conjuration/Poison           5
Comestibles
 c - a bread ration
 d - a beef jerky
 i - a fruit
 l - a royal jelly


   Skills:
 - Level 2.0 Dodging
 - Level 2.6 Stealth
 - Level 2.0 Spellcasting
 + Level 6.2 Poison Magic


You had 5 spell levels left.
You knew the following spells:

 Your Spells              Type           Power        Failure   Level  Hunger
a - Sting                 Conj/Pois      ##..         6%          1    #......


Dungeon Overview and Level Annotations

Branches:
Dungeon (2/15)

Altars:

Annotations:
D:2 Sigmund


Innate Abilities, Weirdness & Mutations

You cannot wear most types of armour.
You are amphibious.
You can wear up to eight rings at the same time.
You can use your tentacles to constrict many enemies at once.
Your skin changes colour to match your surroundings (Stealth).
Your rubbery body absorbs attacks (AC +1).
One of your tentacles bears a spike.
You are robust (+10% HP).
You expend magic power (3 MP) to slightly strengthen your wands.


Message History

It was a potion of cancellation.
Your magical effects are unravelling.
You feel magically purged.
You feel less confused.
Evoke which item? (* to show all) (? for menu, Esc to quit)
Zapping:
n - a wand of teleportation {zapped: 2} (will waste charges)
Press: ? - help, Shift-Dir - straight line, f - you Nothing appears to happen.
You hear a zap.
You are confused.
You bump into the rock wall.
You bump into the rock wall.
Drink which item? (? for menu, Esc to quit)
It was a potion of mutation.
You feel extremely strange.
One of your lower tentacles grows a sharp spike.
You feel less able to contain your magic power.
You feel robust.
You hear a zap.
Something tries to affect you, but you resist.
Are you sure you want to abandon this character and quit the game? (Confirm with "yes".)

#### #.. ####### #.# ......#
###############.#### #####.#
#..................#
....#.###.#############.##.#
.
##......#.......@.{####.##.#
.#
...#.......####.......#.##.#
.# ........#.##
#.#####.#.##.##.#
...###....#####.# #.#......#
..## #..........#
#..###.##.# .## #....## ##.#
#..###.# (# .# #.####
#.#####.....@# .# .#####.#
#........##### . .......#
####.#.#.#


There were no monsters in sight!

Vanquished Creatures
  A giant mite (D:1)
  A worm (D:2)
  A giant gecko (D:2)
  2 hobgoblins
  3 jackals (D:1)
  4 kobolds
  5 bats
  2 giant newts (D:2)
  2 goblins
  4 rats
25 creatures vanquished.

Notes
Turn   | Place    | Note
--------------------------------------------------------------
     0 | D:1      | timbw, the Octopode Venom Mage, began the quest for the Orb.
     0 | D:1      | Reached XP level 1. HP: 11/11 MP: 3/3
    25 | D:1      | Reached skill level 5 in Poison Magic
    25 | D:1      | Reached XP level 2. HP: 17/17 MP: 1/4
   440 | D:2      | Reached XP level 3. HP: 17/21 MP: 0/6
   517 | D:2      | Reached skill level 6 in Poison Magic
   554 | D:2      | Noticed Sigmund
   714 | D:2      | HP: 1/21 [Sigmund/scythe (2)]
   727 | D:2      | Gained mutation: One of your tentacles bears a spike. [potion of mutation]
   727 | D:2      | Gained mutation: You expend magic power (3 MP) to slightly strengthen your wands. [potion of mutation]
   727 | D:2      | Gained mutation: You are robust (+10% HP). [potion of mutation]
   728 | D:2      | Quit the game

Action                   || total
-------------------------++-------
Melee: Unarmed           ||    36
 Cast: Sting             ||    26
Evoke: Wand              ||     1
  Use: Potion            ||     4
